 Dungeon Crawl Stone Soup version 0.30-a0-613-gdd512c7efb (webtiles) character file.

Game seed: 3967000166245622594

1196 acebull12 the Poker (level 8, -1/61 HPs)
             Began as a Demonspawn Gladiator on Jan 8, 2023.
             Slain by an orc
             ... wielding a +0 whip
              (4 damage)
             ... on level 6 of the Dungeon.
             The game lasted 00:15:54 (6655 turns).

acebull12 the Poker (Demonspawn Gladiator)          Turns: 6655, Time: 00:15:55

Health: -1/61      AC:  9    Str: 15    XL:     8   Next: 20%
Magic:  8/8        EV: 11    Int:  9    God:
Gold:   511        SH:  4    Dex: 15    Spells: 7/7 levels left

rFire   . . .      SeeInvis .    a - +0 trident
rCold   + . .      Faith    .    (no shield)
rNeg    . . .      Spirit   .    h - +0 scale mail
rPois   .          Reflect  .    c - +0 helmet
rElec   .          Harm     .    i - scarf {repulsion}
rCorr   .          Rampage  .    B - +0 pair of gloves
Will    .....      Clarity  +    (no boots) Stlth
                                 (no amulet)
HPRegen 0.30/turn                p - ring of protection from cold
MPRegen 0.11/turn                (no ring)

@: repel missiles
A: claws 2, large bone plates 1, demonic magic 1, clarity, weak 1, noise
suppression
a: no special abilities


You were on level 6 of the Dungeon.
You visited 2 branches of the dungeon, and saw 8 of its levels.
You also visited: Ossuary.

You collected 511 gold pieces.

Inventory:

Hand Weapons
 a - a +0 trident (weapon)
Missiles
 d - 3 throwing nets (quivered)
 e - a javelin
Armour
 c - a +0 helmet (worn)
 h - a +0 scale mail (worn)
 i - a scarf of repulsion (worn)
 B - a +0 pair of gloves (worn)
Jewellery
 p - a ring of protection from cold (left hand)
Wands
 g - a wand of paralysis (8)
 q - a wand of polymorph (11)
 x - a wand of iceblast (7)
Scrolls
 b - 2 scrolls of magic mapping
 f - a scroll of silence {unknown}
 j - 3 scrolls of butterflies
 k - 2 scrolls of teleportation {unknown}
 m - 2 scrolls of torment {unknown}
 s - 2 scrolls of amnesia {unknown}
 t - 2 scrolls of vulnerability {unknown}
 w - 2 scrolls of fear {unknown}
 y - 2 scrolls of poison {unknown}
 C - 2 scrolls of blinking {unknown}
 E - a scroll of enchant armour {unknown}
Potions
 l - 3 potions of might
 o - 3 potions of heal wounds
 r - 3 potions of lignification
 u - 2 potions of ambrosia
 v - a potion of berserk rage
 z - a potion of resistance {unknown}
 A - a potion of flight {unknown}
 D - a potion of curing {unknown}


   Skills:
 * Level 4.4 Fighting
 * Level 7.0 Polearms
 + Level 1.7 Throwing
 + Level 3.1 Armour
 + Level 3.9 Dodging
 + Level 0.8 Stealth
 + Level 1.6 Shields


You had 7 spell levels left.
You didn't know any spells.
Your spell library contained the following spells:

 Spells                   Type           Power      Damage    Failure   Level
 Summon Guardian Golem    Hex/Summ       0%         N/A       99%         3
 Orb of Destruction       Conj           0%         9d5       100%        7
 Spellforged Servitor     Conj/Summ      0%         N/A       100%        7


Dungeon Overview and Level Annotations

Branches:
Dungeon (7/15)             Temple (1/1) D:5         Ossuary (visited)

Altars:
Cheibriados
Dithmenos
Fedhas
Gozag
Hepliaklqana
Kikubaaqudgha
Makhleb
Nemelex Xobeh
Qazlal
Ru
Sif Muna
Trog
Vehumet
Wu Jian
Xom
Lugonu

Portals:
Abyss: D:3

Annotations:
D:3 1 runed translucent door, Crazy Yiuf
D:7 Dowan, Duvessa


Innate Abilities, Weirdness & Mutations

You have very sharp fingernails.
You are partially covered in large bone plates. (SH +4)
Spells you cast may paralyse adjacent enemies.
You possess an exceptional clarity of mind.
You are weak. (Str -2)
You passively dampen the noise of your surroundings.


Message History

There is an entrance to a bailey on this level.
Hurry and find it before the portal closes forever!
You hear the faint creaking of a very distant portcullis.
Duvessa shouts!
Dowan shouts!
The orc warrior shouts!
The orc shouts! x2
The orc priest shouts!
Dowan gestures at you while chanting. The puff of flame hits you.
Found a scroll labelled VYGRARUDWA.
Found a stone staircase leading up.
There is a stone staircase leading up here.
You block the orc's attack.
The orc priest hits you but does no damage.
Dowan casts a spell at you. The puff of flame hits you!
The orc warrior hits you with a +0 battleaxe!
You climb upwards.
There is a stone staircase leading down here.
You barely miss the orc priest. You block the orc priest's attack.
You block the orc warrior's attack. The orc hits you but does no damage.
You barely miss the orc priest. You hit the orc priest.
The orc priest is heavily wounded.
The orc priest barely misses you. The orc warrior closely misses you.
The orc hits you with a +0 whip.
You hit the orc priest.
The orc priest is severely wounded.
You block the orc priest's attack.
The orc warrior hits you with a +0 battleaxe!
The orc closely misses you.
You barely miss the orc priest.
The orc priest is severely wounded.
The orc priest closely misses you.
The orc warrior hits you with a +0 battleaxe.
* * * LOW HITPOINT WARNING * * *
The orc hits you but does no damage.
You hit the orc priest but do no damage.
The orc priest is severely wounded.
The orc priest calls down the wrath of Beogh upon you.
Beogh smites you!
* * * LOW HITPOINT WARNING * * *
The orc warrior closely misses you. The orc hits you with a +0 whip.
You die...

#.####...# #.#######....#.#
#)#####.## #.........#..#.#
#.......# ######.##......#
####..##.## ########.......###
#........[# #.....#######.##
#.#.....#.# #.....# ##.##
#.........# #.....# #...#
#.#.⌠.⌠.#.# #.oo..# #..##
#.........###.@...## #.##
#.#.....#.##..o#...# #.#
#...._....##..###..# #.#
#.#.....#.##.#.#.#.# #.#
#.........##....##.# #.#
#.#.⌠.⌠.#........#.#####.#
#.........##...#.).......#####
#.#.....#........#####.......##
##.........##.##.## #..###...#


You could see an orc warrior, an orc priest and an orc.

Vanquished Creatures
  A black bear (D:5)
  An ogre (D:6)
  A sky beast (D:7)
  A centaur (D:5)
  Blork the orc (D:5)
  A necrophage (D:5)
  2 scorpions (D:6)
  2 hounds
  2 orc priests (D:5)
  Jessica (D:3)
  3 orc wizards
  Ijyb (D:4)
  8 mummies (Ossuary)
  Robin (D:3)
  8 adders
  6 gnolls
  4 ufetubi
  A worm (D:3)
  9 orcs
  14 ball pythons
  6 endoplasms
  3 giant cockroaches
  2 gnoll zombies (Ossuary)
  18 goblins
  6 hobgoblins
  3 jackals (D:2)
  4 quokkas
  3 bats
  3 frilled lizards
  A hobgoblin zombie (Ossuary)
  11 kobolds
  2 kobold zombies (Ossuary)
  3 orc zombies (Ossuary)
  4 rats
137 creatures vanquished.

Notes
Turn   | Place    | Note
-------+----------+-------------------------------------------
     0 | D:1      | acebull12 the Demonspawn Gladiator began the quest for the
                  | Orb.
     0 | D:1      | Reached XP level 1. HP: 16/16 MP: 1/1
   103 | D:1      | Gained mutation: You are partially covered in large bone
                  | plates. (SH +4) [demonic ancestry]
   103 | D:1      | Reached XP level 2. HP: 18/22 MP: 2/2
   235 | D:1      | Reached skill level 3 in Polearms
   724 | D:2      | Gained mutation: You have sharp fingernails. [demonic
                  | ancestry]
   724 | D:2      | Reached XP level 3. HP: 24/27 MP: 3/3
  1357 | D:2      | Reached XP level 4. HP: 22/34 MP: 4/4
  1521 | D:3      | Noticed Jessica
  1528 | D:3      | Killed Jessica
  1529 | D:3      | Reached skill level 1 in Armour
  1564 | D:3      | Found a shimmering altar of Xom.
  1580 | D:3      | Noticed Robin
  1681 | D:3      | Reached skill level 1 in Shields
  1691 | D:3      | Found a shimmering blue altar of Sif Muna.
  1795 | D:3      | Found a one-way gate to the infinite horrors of the Abyss.
  1918 | D:3      | Gained mutation: You have very sharp fingernails. [demonic
                  | ancestry]
  1918 | D:3      | Reached XP level 5. HP: 16/39 MP: 5/5
  2077 | D:3      | Killed Robin
  2209 | D:3      | Found a runed translucent door.
  2210 | D:3      | Noticed Crazy Yiuf
  2270 | D:3      | Found a large runed translucent door.
  2272 | D:3      | Found a large runed translucent door.
  2275 | D:3      | Found a corrupted altar of Lugonu.
  2841 | D:3      | Reached skill level 4 in Polearms
  3236 | D:4      | Gained mutation: Spells you cast may paralyse adjacent
                  | enemies. [demonic ancestry]
  3236 | D:4      | Reached XP level 6. HP: 24/47 MP: 6/6
  3612 | D:4      | Noticed Ijyb
  3637 | D:4      | Killed Ijyb
  3748 | D:4      | Found a sacrificial altar of Ru.
  3851 | D:5      | Entered Level 5 of the Dungeon
  3943 | D:5      | Reached skill level 5 in Polearms
  4100 | D:5      | Found a shadowy altar of Dithmenos.
  4138 | D:5      | Noticed Blork the orc
  4155 | D:5      | Killed Blork the orc
  4340 | D:5      | Reached XP level 7. HP: 51/53 MP: 7/7
  4431 | D:5      | Found a burning altar of Makhleb.
  4546 | D:5      | Found a staircase to the Ecumenical Temple.
  4862 | Temple   | Entered the Ecumenical Temple
  5243 | D:6      | Reached skill level 6 in Polearms
  5548 | D:6      | Found an ornate altar of the Wu Jian Council.
  5596 | D:6      | Found a sand-covered staircase.
  5605 | Ossuary  | Entered an ossuary
  5677 | Ossuary  | Reached XP level 8. HP: 4/60 MP: 8/8
  6043 | D:6      | Gained mutation: You are weak. (Str -2) [potion of
                  | mutation]
  6043 | D:6      | Gained mutation: You passively dampen the noise of your
                  | surroundings. [potion of mutation]
  6043 | D:6      | Gained mutation: You possess an exceptional clarity of
                  | mind. [potion of mutation]
  6089 | D:6      | Found a sparkling altar of Nemelex Xobeh.
  6568 | D:7      | Reached skill level 7 in Polearms
  6598 | D:7      | Noticed a two-headed ogre
  6647 | D:7      | Noticed Duvessa
  6647 | D:7      | Noticed Dowan
  6655 | D:6      | HP: 3/61 [orc priest/divine providence (14)]
  6655 | D:6      | Slain by an orc

Illustrated notes

Levels and vault maps discovered:
D:1:      giann_forest_graveyard, layout_basic, minmay_misc_feat_five
D:2:      layout_loops_ring
D:3:      due_chaos_kobolds, layout_loops_corners,
          mainiacjoe_overflow_tiny_flanked, nicolae_sif_muna_condensation,
          uniq_jessica, uniq_crazy_yiuf_cottage, uniq_robin
D:4:      layout_rooms, nicolae_ru_the_path_less_chosen, uniq_ijyb
D:5:      layout_basic, mainiacjoe_overflow_catwalk,
          mainiacjoe_overflow_small_starburst, minmay_temple_entry_nine_rooms,
          minmay_misc_feat_plants, uniq_blork_the_orc
D:6:      layout_loops_cross, mainiacjoe_overflow_24_doors,
          nzn_wu_jian_contemplation, elyvilon_altar_5,
          nicolae_ossuary_entry_ruins, minmay_holes
D:7:      layout_rooms, enter_bailey_5, uniq_duvessa, uniq_prince_ribbit1
Temple:   nicolae_temple_ecumenical_triangle

Skill      XL: |  1  2  3  4  5  6  7  8 |
---------------+-------------------------+-----
Dodging        | 3 |  3.9
Polearms       | 3 4 5 6 7 |  7.0
Armour         | 1 2 3 |  3.1
Shields        | 1 |  1.6
Fighting       | 3 4 |  4.4
Throwing       | |  1.7
Stealth        | |  0.8

Action                   |  1- 3 |  4- 6 |  7- 9 || total
-------------------------+-------+-------+-------++-------
Melee: Trident           |   103 |   252 |   228 ||   583
       Punch             |     1 |     4 |     4 ||     9
  Use: Scroll            |       |       |     8 ||     8
       Potion            |       |       |     2 ||     2
 Stab: Sleeping          |     1 |       |       ||     1
Armor: Leather armour    |     3 |       |       ||     3
       Scale mail        |    32 |   110 |    86 ||   228
Dodge: Dodged            |    54 |    95 |   108 ||   257
       Repelled          |       |     3 |       ||     3
Block: Other             |     8 |    49 |    43 ||   100

Table legend: (Time is in decaauts)
 A = Elapsed time spent in this place.
 B = Non-inter-level travel time spent in this place.
 C = Inter-level travel time spent in this place.
 D = Time resting spent in this place.
 E = Time spent auto-exploring this place.
 F = Levels seen in this place.
 G = Mean time per level.
                   A        B        C        D        E       F      G
               +--------+--------+--------+--------+--------+-----+--------+
         Total |   6698 |   6186 |    512 |   1016 |   3667 |   9 |  744.2 |
       Dungeon |   6228 |   5725 |    503 |    866 |   3495 |   7 |  889.7 |
        Temple |     40 |     31 |      9 |      0 |     27 |   1 |   40.0 |
       Ossuary |    429 |    429 |      0 |    150 |    145 |   1 |  429.0 |
               +--------+--------+--------+--------+--------+-----+--------+

Top non-repeatable levels by time:
     D:3: 1488 daAuts
     D:5: 1290 daAuts
     D:6: 936 daAuts
     D:2: 908 daAuts
     D:4: 820 daAuts
     D:1: 706 daAuts
 Ossuary: 429 daAuts
     D:7: 76 daAuts
  Temple: 40 daAuts
